[ PARTIDA AOE2 · #462920526 ]
Team RMEspañoles vs Khmer
[ ANÁLISIS DE REPETICIÓN · EXTRAÍDO DE LA PARTIDA GRABADA ]
Feudal
8:00
Castillos
13:21
Imperial
28:52
| APM promedio | 33.7 |
| APM pico | 60 |
| eAPM promedio | 18.5 |
| Aldeanos / militares | 136 / 109 |
Foco
⚔️ 31.8% · 🌾 68.2%
Knight ×63 · Conquistador ×24 · Missionary ×8 · Trebuchet (Packed) ×7 · Spearman ×3 · Battering Ram ×2
Feudal
7:40
Castillos
12:03
Imperial
23:23
| APM promedio | 15.0 |
| APM pico | 29 |
| eAPM promedio | 10.0 |
| Aldeanos / militares | 99 / 147 |
Foco
⚔️ 30.2% · 🌾 69.8%
Camel Scout ×72 · Scout Cavalry ×54 · Janissary ×9 · Bombard Cannon ×7 · Spearman ×4 · Monk ×1
Feudal
7:26
Castillos
11:51
Imperial
27:11
| APM promedio | 24.1 |
| APM pico | 54 |
| eAPM promedio | 13.8 |
| Aldeanos / militares | 131 / 197 |
Foco
⚔️ 26.1% · 🌾 73.9%
Scout Cavalry ×102 · Janissary ×54 · Camel Scout ×27 · Bombard Cannon ×8 · Knight ×5 · Trebuchet (Packed) ×1
Feudal
9:13
Castillos
11:55
Imperial
31:58
| APM promedio | 20.3 |
| APM pico | 55 |
| eAPM promedio | 12.2 |
| Aldeanos / militares | 90 / 116 |
Foco
⚔️ 42.6% · 🌾 57.4%
Spearman ×69 · Scorpion ×21 · Skirmisher ×19 · Trebuchet (Packed) ×4 · Ballista Elephant ×3
Mapa de la partida
Recursos al inicio + cada clic de construcción. Línea gruesa = muro · recuadro discontinuo = muro de casas detectado. 🟡 oro · ⚪ piedra · 🟢 bayas · 🔶 jabalí · ⭕ reliquia
Inputs por minuto
— Devoured - - Unit001
Build order — Devoured
Primeras 150 de 400 acciones detectadas
| 0:02 | Crear | Villager (Male) |
| 0:02 | Crear | Villager (Male) |
| 0:02 | Crear | Villager (Male) |
| 0:05 | Construir | Lumber Camp |
| 0:15 | Crear | Villager (Male) |
| 0:16 | Crear | Villager (Male) |
| 1:42 | Construir | Mill |
| 1:54 | Crear | Villager (Male) |
| 1:55 | Crear | Villager (Male) |
| 1:55 | Crear | Villager (Male) |
| 3:20 | Crear | Villager (Male) |
| 3:20 | Crear | Villager (Male) |
| 3:21 | Crear | Villager (Male) |
| 3:21 | Crear | Villager (Male) |
| 3:21 | Crear | Villager (Male) |
| 3:21 | Crear | Villager (Male) |
| 3:22 | Crear | Villager (Male) |
| 3:50 | Crear | Villager (Male) |
| 3:51 | Crear | Villager (Male) |
| 5:00 | Investigar | Feudal Age |
| 5:05 | Crear | Villager (Male) |
| 5:06 | Investigar | Feudal Age |
| 6:07 | Construir | Barracks |
| 6:14 | Crear | Villager (Male) |
| 7:05 | Construir | Mining Camp |
| 8:00 | Edad | Edad Feudal |
| 8:02 | Construir | Blacksmith |
| 8:07 | Crear | Villager (Male) |
| 8:28 | Crear | Villager (Male) |
| 8:57 | Construir | Market |
| 9:11 | Crear | Villager (Male) |
| 9:44 | Crear | Villager (Male) |
| 9:46 | Crear | Villager (Male) |
| 9:59 | Construir | Lumber Camp |
| 10:12 | Crear | Villager (Male) |
| 10:20 | Construir | Farm |
| 10:41 | Investigar | Castle Age |
| 10:46 | Construir | House |
| 10:49 | Construir | Palisade Wall |
| 10:53 | Construir | Farm |
| 10:56 | Investigar | Horse Collar |
| 11:04 | Construir | Farm |
| 12:56 | Investigar | Loom |
| 12:58 | Crear | Villager (Male) |
| 12:58 | Crear | Villager (Male) |
| 13:21 | Edad | Edad de los Castillos |
| 13:22 | Construir | Siege Workshop |
| 13:25 | Crear | Villager (Male) |
| 13:35 | Construir | Town Center |
| 13:40 | Investigar | Padded Archer Armor |
| 13:46 | Crear | Conquistador |
| 13:52 | Construir | Farm |
| 13:55 | Construir | Farm |
| 14:00 | Construir | Farm |
| 14:03 | Crear | Battering Ram |
| 14:11 | Crear | Villager (Male) |
| 14:29 | Crear | Spearman |
| 14:34 | Crear | Spearman |
| 14:41 | Construir | Farm |
| 14:44 | Construir | Farm |
| 14:48 | Construir | Farm |
| 15:07 | Construir | Farm |
| 15:14 | Construir | Farm |
| 15:20 | Crear | Conquistador |
| 15:27 | Crear | Battering Ram |
| 15:31 | Crear | Spearman |
| 15:47 | Construir | Farm |
| 15:51 | Crear | Conquistador |
| 16:16 | Crear | Conquistador |
| 16:30 | Construir | Farm |
| 16:32 | Construir | Farm |
| 16:40 | Construir | Farm |
| 16:45 | Crear | Villager (Male) |
| 16:46 | Crear | Villager (Male) |
| 16:56 | Investigar | Padded Archer Armor |
| 17:14 | Crear | Villager (Male) |
| 17:14 | Crear | Villager (Male) |
| 17:21 | Crear | Villager (Male) |
| 17:21 | Crear | Villager (Male) |
| 17:23 | Crear | Villager (Male) |
| 17:26 | Construir | House |
| 17:26 | Construir | House |
| 17:49 | Crear | Villager (Male) |
| 17:50 | Crear | Villager (Male) |
| 17:50 | Crear | Villager (Male) |
| 17:53 | Crear | Villager (Male) |
| 18:11 | Construir | Farm |
| 18:17 | Crear | Villager (Male) |
| 18:20 | Crear | Villager (Male) |
| 18:21 | Crear | Villager (Male) |
| 18:24 | Construir | Farm |
| 18:26 | Construir | Farm |
| 18:29 | Construir | Farm |
| 18:32 | Crear | Villager (Male) |
| 18:32 | Crear | Villager (Male) |
| 18:44 | Construir | Farm |
| 18:46 | Crear | Villager (Male) |
| 18:47 | Crear | Villager (Male) |
| 18:47 | Crear | Villager (Male) |
| 18:51 | Construir | Farm |
| 19:16 | Construir | Farm |
| 19:18 | Crear | Villager (Male) |
| 19:18 | Crear | Villager (Male) |
| 19:19 | Crear | Villager (Male) |
| 19:36 | Construir | Farm |
| 19:39 | Crear | Villager (Male) |
| 19:40 | Investigar | Town Watch |
| 20:17 | Crear | Conquistador |
| 20:17 | Crear | Conquistador |
| 20:17 | Crear | Conquistador |
| 20:29 | Construir | Farm |
| 20:31 | Construir | Farm |
| 20:35 | Crear | Villager (Male) |
| 20:36 | Crear | Villager (Male) |
| 20:36 | Crear | Villager (Male) |
| 20:36 | Crear | Villager (Male) |
| 20:50 | Construir | Farm |
| 20:54 | Crear | Villager (Male) |
| 20:59 | Construir | Town Center |
| 21:07 | Construir | Mining Camp |
| 21:10 | Crear | Villager (Male) |
| 21:10 | Crear | Villager (Male) |
| 21:12 | Crear | Villager (Male) |
| 21:12 | Crear | Villager (Male) |
| 21:37 | Crear | Villager (Male) |
| 21:37 | Crear | Villager (Male) |
| 21:37 | Crear | Villager (Male) |
| 21:47 | Investigar | Leather Archer Armor |
| 21:55 | Construir | Farm |
| 21:59 | Construir | Farm |
| 22:01 | Construir | Farm |
| 22:03 | Construir | Farm |
| 22:16 | Crear | Villager (Male) |
| 22:53 | Construir | Farm |
| 22:57 | Investigar | Heavy Plow |
| 23:14 | Construir | Stone Wall |
| 23:21 | Crear | Villager (Male) |
| 23:21 | Crear | Villager (Male) |
| 23:21 | Crear | Villager (Male) |
| 23:26 | Investigar | Gold Mining |
| 23:26 | Investigar | Stone Mining |
| 23:43 | Construir | Farm |
| 23:45 | Construir | Farm |
| 23:45 | Construir | Farm |
| 23:45 | Construir | Farm |
| 23:46 | Construir | Farm |
| 23:57 | Construir | Monastery |
| 24:02 | Crear | Villager (Male) |
| 24:02 | Crear | Villager (Male) |
| 24:02 | Crear | Villager (Male) |
Build order — Unit001
Primeras 150 de 222 acciones detectadas
| 0:12 | Crear | Villager (Male) ×4 |
| 1:55 | Crear | Villager (Male) |
| 1:55 | Crear | Villager (Male) |
| 2:04 | Crear | Villager (Male) |
| 2:05 | Crear | Villager (Male) |
| 2:36 | Crear | Villager (Male) |
| 2:36 | Crear | Villager (Male) |
| 2:37 | Crear | Villager (Male) |
| 2:37 | Crear | Villager (Male) |
| 3:59 | Construir | Lumber Camp |
| 4:13 | Construir | Mill |
| 4:15 | Crear | Villager (Male) |
| 4:15 | Crear | Villager (Male) |
| 4:49 | Crear | Villager (Male) |
| 5:23 | Investigar | Feudal Age |
| 7:15 | Construir | Mining Camp |
| 7:40 | Edad | Edad Feudal |
| 7:43 | Crear | Villager (Male) |
| 7:43 | Crear | Villager (Male) |
| 7:43 | Crear | Villager (Male) |
| 8:38 | Construir | Market |
| 9:01 | Construir | Blacksmith |
| 9:20 | Crear | Villager (Male) |
| 9:23 | Investigar | Castle Age |
| 9:52 | Construir | Lumber Camp |
| 10:16 | Construir | Farm |
| 10:46 | Investigar | Horse Collar |
| 10:54 | Investigar | Double-Bit Axe |
| 11:13 | Construir | Farm |
| 11:35 | Construir | Farm |
| 11:40 | Construir | Farm |
| 12:03 | Edad | Edad de los Castillos |
| 12:08 | Crear | Villager (Male) |
| 12:10 | Investigar | Bow Saw |
| 12:18 | Construir | Farm |
| 12:21 | Construir | Farm |
| 12:22 | Construir | Farm |
| 12:23 | Construir | Farm |
| 12:36 | Crear | Villager (Male) |
| 12:47 | Construir | Farm |
| 13:00 | Construir | Town Center |
| 13:03 | Crear | Villager (Male) |
| 13:06 | Construir | Farm |
| 13:13 | Construir | Farm |
| 13:28 | Construir | Farm |
| 13:38 | Crear | Villager (Male) ×2 |
| 13:52 | Construir | Farm |
| 14:01 | Construir | Farm |
| 14:10 | Crear | Villager (Male) |
| 14:11 | Crear | Villager (Male) |
| 14:30 | Crear | Villager (Male) ×2 |
| 14:49 | Crear | Villager (Male) ×2 |
| 14:57 | Construir | Farm |
| 14:59 | Construir | Farm |
| 15:01 | Construir | Farm |
| 15:09 | Crear | Villager (Male) |
| 15:22 | Construir | Farm |
| 15:24 | Construir | Farm |
| 15:31 | Crear | Villager (Male) ×2 |
| 15:40 | Construir | Farm |
| 15:41 | Construir | Farm |
| 15:42 | Construir | Farm |
| 15:49 | Crear | Villager (Male) ×2 |
| 16:02 | Construir | Farm |
| 16:03 | Construir | Farm |
| 16:20 | Construir | House |
| 16:21 | Construir | House |
| 16:28 | Crear | Villager (Male) ×5 |
| 16:52 | Construir | Mill |
| 16:55 | Crear | Villager (Male) ×4 |
| 17:14 | Construir | University |
| 17:19 | Investigar | Gold Mining |
| 17:44 | Construir | Lumber Camp |
| 18:19 | Investigar | Gold Shaft Mining |
| 18:23 | Crear | Villager (Male) ×5 |
| 19:31 | Construir | Monastery |
| 19:36 | Construir | Farm |
| 19:37 | Construir | Farm |
| 19:38 | Construir | Farm |
| 19:39 | Construir | Farm |
| 20:13 | Investigar | Imperial Age |
| 20:32 | Crear | Villager (Male) |
| 20:32 | Crear | Villager (Male) |
| 20:38 | Investigar | Loom |
| 20:46 | Construir | Siege Workshop |
| 20:53 | Crear | Janissary ×3 |
| 21:01 | Investigar | Forging |
| 21:08 | Construir | Barracks |
| 21:11 | Crear | Spearman |
| 21:11 | Crear | Spearman |
| 21:11 | Crear | Spearman |
| 21:12 | Crear | Spearman |
| 21:28 | Construir | Stable |
| 21:54 | Construir | House |
| 21:55 | Construir | House |
| 21:56 | Construir | House |
| 22:00 | Crear | Villager (Male) ×5 |
| 22:04 | Investigar | Town Watch |
| 22:10 | Construir | House |
| 22:11 | Construir | House |
| 22:11 | Construir | House |
| 22:19 | Construir | Siege Workshop |
| 22:26 | Crear | Villager (Male) ×5 |
| 22:37 | Crear | Camel Scout ×5 |
| 23:03 | Investigar | Iron Casting |
| 23:05 | Investigar | Scale Barding Armor |
| 23:15 | Crear | Janissary |
| 23:15 | Crear | Janissary |
| 23:15 | Crear | Janissary |
| 23:22 | Construir | Mining Camp |
| 23:23 | Edad | Edad Imperial |
| 24:05 | Crear | Bombard Cannon |
| 24:07 | Crear | Villager (Male) ×5 |
| 24:32 | Investigar | Heavy Plow |
| 24:36 | Investigar | Two-Man Saw |
| 24:39 | Construir | Farm |
| 24:41 | Construir | Farm |
| 24:42 | Construir | Farm |
| 24:44 | Crear | Janissary ×2 |
| 25:22 | Crear | Bombard Cannon |
| 25:37 | Crear | Monk |
| 25:45 | Crear | Villager (Male) ×5 |
| 25:49 | Crear | Scout Cavalry ×3 |
| 26:02 | Crear | Villager (Male) ×3 |
| 26:28 | Investigar | Scale Mail Armor |
| 26:34 | Crear | Bombard Cannon |
| 26:47 | Investigar | Bloodlines |
| 27:00 | Investigar | Chain Barding Armor |
| 27:11 | Construir | House |
| 27:16 | Construir | Mining Camp |
| 27:45 | Crear | Camel Scout ×3 |
| 28:01 | Crear | Janissary |
| 28:12 | Construir | Mining Camp |
| 28:38 | Construir | House |
| 28:44 | Construir | House |
| 28:45 | Construir | House |
| 28:45 | Construir | House |
| 28:45 | Construir | House |
| 28:45 | Construir | House |
| 28:46 | Construir | House |
| 28:47 | Construir | House |
| 29:09 | Crear | Villager (Male) ×5 |
| 29:09 | Crear | Villager (Male) ×5 |
| 29:23 | Construir | Lumber Camp |
| 29:28 | Investigar | Plate Barding Armor |
| 29:29 | Investigar | Blast Furnace |
| 29:53 | Construir | Farm |
| 29:55 | Construir | Farm |
| 30:10 | Construir | Farm |
| 30:12 | Construir | Farm |
Build order — Kesline
Primeras 150 de 355 acciones detectadas
| 0:01 | Crear | Villager (Male) |
| 0:02 | Crear | Villager (Male) |
| 0:17 | Construir | Lumber Camp |
| 0:36 | Construir | Mill |
| 0:39 | Crear | Villager (Male) |
| 1:01 | Crear | Villager (Male) |
| 1:01 | Crear | Villager (Male) |
| 1:02 | Crear | Villager (Male) |
| 1:54 | Crear | Villager (Male) |
| 2:35 | Crear | Villager (Male) |
| 3:06 | Construir | House |
| 3:08 | Crear | Villager (Male) |
| 3:25 | Crear | Villager (Male) |
| 3:54 | Crear | Villager (Male) |
| 3:59 | Construir | House |
| 4:01 | Construir | House |
| 4:12 | Crear | Villager (Male) |
| 4:35 | Crear | Villager (Male) |
| 5:14 | Crear | Villager (Male) |
| 5:16 | Investigar | Feudal Age |
| 5:20 | Construir | Mining Camp |
| 6:40 | Construir | House |
| 7:17 | Crear | Villager (Male) |
| 7:17 | Crear | Villager (Male) |
| 7:26 | Edad | Edad Feudal |
| 7:38 | Construir | Market |
| 8:03 | Crear | Villager (Male) |
| 8:24 | Construir | Blacksmith |
| 8:51 | Investigar | Double-Bit Axe |
| 9:11 | Investigar | Castle Age |
| 9:11 | Investigar | Castle Age |
| 9:33 | Construir | House |
| 9:47 | Construir | Farm |
| 10:04 | Investigar | Horse Collar |
| 10:04 | Investigar | Horse Collar |
| 10:45 | Construir | Palisade Wall |
| 11:07 | Construir | Farm |
| 11:12 | Construir | Farm |
| 11:14 | Investigar | Loom |
| 11:51 | Edad | Edad de los Castillos |
| 11:53 | Investigar | Bow Saw |
| 11:54 | Crear | Villager (Male) |
| 12:02 | Crear | Janissary |
| 12:02 | Crear | Janissary |
| 12:42 | Construir | Town Center |
| 12:48 | Construir | Palisade Wall |
| 12:49 | Crear | Villager (Male) |
| 12:55 | Crear | Janissary |
| 13:10 | Crear | Villager (Male) |
| 13:41 | Crear | Villager (Male) |
| 13:56 | Construir | Town Center |
| 14:10 | Construir | Farm |
| 14:16 | Crear | Villager (Male) |
| 14:26 | Crear | Villager (Male) |
| 14:45 | Crear | Villager (Male) |
| 14:45 | Crear | Villager (Male) |
| 14:53 | Construir | Farm |
| 15:10 | Crear | Villager (Male) |
| 15:11 | Crear | Villager (Male) |
| 15:16 | Construir | Farm |
| 15:24 | Construir | Farm |
| 15:28 | Construir | Farm |
| 15:30 | Crear | Villager (Male) |
| 15:31 | Crear | Villager (Male) |
| 15:40 | Construir | Farm |
| 15:41 | Construir | Farm |
| 15:43 | Construir | Farm |
| 15:47 | Crear | Villager (Male) |
| 15:47 | Crear | Villager (Male) |
| 15:53 | Construir | Farm |
| 16:10 | Construir | Farm |
| 16:11 | Crear | Villager (Male) |
| 16:11 | Crear | Villager (Male) |
| 16:25 | Construir | Farm |
| 16:32 | Crear | Villager (Male) |
| 16:38 | Crear | Villager (Male) |
| 16:39 | Crear | Villager (Male) |
| 16:51 | Crear | Villager (Male) |
| 16:51 | Crear | Villager (Male) |
| 16:55 | Construir | Farm |
| 17:00 | Crear | Villager (Male) |
| 17:00 | Crear | Villager (Male) |
| 17:10 | Construir | Farm |
| 17:24 | Crear | Villager (Male) |
| 17:32 | Construir | House |
| 17:33 | Construir | House |
| 17:34 | Construir | House |
| 17:49 | Crear | Villager (Male) |
| 17:49 | Crear | Villager (Male) |
| 17:50 | Crear | Villager (Male) |
| 17:50 | Crear | Villager (Male) |
| 18:06 | Crear | Villager (Male) |
| 18:07 | Crear | Villager (Male) |
| 18:32 | Crear | Villager (Male) |
| 18:36 | Construir | Farm |
| 18:45 | Construir | Stable |
| 19:01 | Crear | Villager (Male) |
| 19:01 | Crear | Villager (Male) |
| 19:02 | Crear | Villager (Male) |
| 19:06 | Construir | Farm |
| 19:09 | Construir | Farm |
| 19:10 | Crear | Villager (Male) |
| 19:11 | Construir | House |
| 19:12 | Crear | Villager (Male) |
| 19:12 | Crear | Villager (Male) |
| 19:13 | Crear | Villager (Male) |
| 19:29 | Crear | Villager (Male) |
| 19:32 | Crear | Janissary |
| 19:32 | Crear | Janissary |
| 19:41 | Construir | Stable |
| 19:51 | Construir | Farm |
| 19:52 | Construir | Farm |
| 19:56 | Construir | Farm |
| 19:57 | Crear | Villager (Male) |
| 19:57 | Crear | Villager (Male) |
| 20:39 | Construir | House |
| 20:39 | Crear | Villager (Male) |
| 20:44 | Crear | Knight |
| 20:44 | Crear | Knight |
| 20:47 | Construir | Stable |
| 20:50 | Crear | Villager (Male) |
| 20:50 | Crear | Villager (Male) |
| 20:51 | Investigar | Wheelbarrow |
| 21:00 | Crear | Villager (Male) |
| 21:00 | Crear | Villager (Male) |
| 21:06 | Construir | Farm |
| 21:17 | Construir | House |
| 21:19 | Construir | House |
| 21:21 | Construir | Palisade Wall |
| 21:21 | Construir | Palisade Wall |
| 21:25 | Crear | Knight |
| 21:26 | Investigar | Bloodlines |
| 21:30 | Crear | Villager (Male) |
| 21:30 | Crear | Villager (Male) |
| 21:38 | Construir | Farm |
| 21:39 | Construir | Farm |
| 21:40 | Construir | Farm |
| 21:48 | Construir | Stable |
| 21:53 | Crear | Knight |
| 21:53 | Crear | Knight |
| 21:54 | Crear | Villager (Male) |
| 21:55 | Crear | Villager (Male) |
| 22:00 | Construir | Farm |
| 22:03 | Investigar | Town Watch |
| 22:26 | Construir | Farm |
| 22:30 | Construir | Farm |
| 22:36 | Construir | House |
| 22:38 | Crear | Janissary |
| 22:56 | Construir | Farm |
| 22:57 | Crear | Villager (Male) |
Build order — Kalushini Bombini
Primeras 150 de 320 acciones detectadas
| 0:17 | Crear | Villager (Male) |
| 0:17 | Crear | Villager (Male) |
| 0:17 | Crear | Villager (Male) |
| 0:17 | Crear | Villager (Male) |
| 0:20 | Construir | Lumber Camp |
| 0:46 | Construir | Mill |
| 1:10 | Crear | Villager (Male) |
| 1:26 | Crear | Villager (Male) |
| 2:12 | Crear | Villager (Male) |
| 2:35 | Crear | Villager (Male) |
| 3:17 | Crear | Villager (Male) |
| 3:18 | Crear | Villager (Male) |
| 3:35 | Crear | Villager (Male) |
| 4:09 | Crear | Villager (Male) |
| 4:12 | Crear | Villager (Male) |
| 5:13 | Crear | Villager (Male) |
| 5:47 | Crear | Villager (Male) |
| 5:55 | Construir | Mining Camp |
| 6:04 | Crear | Villager (Male) |
| 6:38 | Crear | Villager (Male) |
| 6:40 | Investigar | Feudal Age |
| 7:03 | Construir | Farm |
| 7:06 | Construir | Farm |
| 7:08 | Construir | Farm |
| 7:14 | Construir | Farm |
| 9:13 | Edad | Edad Feudal |
| 9:15 | Investigar | Castle Age |
| 9:16 | Investigar | Double-Bit Axe |
| 9:24 | Investigar | Horse Collar |
| 10:06 | Construir | Archery Range |
| 10:09 | Construir | Archery Range |
| 10:20 | Construir | Blacksmith |
| 10:39 | Crear | Spearman |
| 10:40 | Crear | Spearman |
| 10:58 | Construir | Farm |
| 11:28 | Crear | Skirmisher |
| 11:30 | Crear | Skirmisher |
| 11:47 | Crear | Villager (Male) |
| 11:47 | Crear | Villager (Male) |
| 11:55 | Edad | Edad de los Castillos |
| 11:58 | Crear | Ballista Elephant |
| 12:37 | Construir | Town Center |
| 12:48 | Crear | Villager (Male) |
| 12:48 | Crear | Villager (Male) |
| 12:50 | Crear | Ballista Elephant |
| 13:03 | Investigar | Scale Barding Armor |
| 13:23 | Crear | Skirmisher |
| 13:23 | Crear | Skirmisher |
| 13:43 | Crear | Villager (Male) |
| 14:30 | Crear | Villager (Male) |
| 14:31 | Crear | Villager (Male) |
| 14:50 | Investigar | Fletching |
| 14:51 | Crear | Skirmisher |
| 14:51 | Crear | Skirmisher |
| 14:54 | Crear | Villager (Male) |
| 14:54 | Crear | Villager (Male) |
| 15:02 | Construir | Farm |
| 15:07 | Construir | Farm |
| 15:09 | Construir | Farm |
| 15:10 | Construir | Farm |
| 15:13 | Construir | Farm |
| 15:14 | Crear | Villager (Male) |
| 15:14 | Crear | Villager (Male) |
| 15:24 | Construir | Town Center |
| 15:38 | Construir | House |
| 15:39 | Construir | House |
| 15:41 | Construir | House |
| 15:57 | Crear | Villager (Male) |
| 15:57 | Crear | Villager (Male) |
| 16:07 | Crear | Skirmisher |
| 16:07 | Crear | Skirmisher |
| 16:32 | Investigar | Elite Skirmisher (upgrade) |
| 16:36 | Crear | Villager (Male) |
| 16:36 | Crear | Villager (Male) |
| 16:42 | Construir | Farm |
| 17:01 | Crear | Villager (Male) |
| 17:01 | Crear | Villager (Male) |
| 17:09 | Investigar | Padded Archer Armor |
| 17:22 | Investigar | Loom |
| 17:29 | Crear | Villager (Male) |
| 17:29 | Crear | Villager (Male) |
| 17:35 | Construir | Farm |
| 17:37 | Construir | Farm |
| 17:44 | Crear | Villager (Male) |
| 17:51 | Crear | Villager (Male) |
| 17:54 | Crear | Villager (Male) |
| 18:05 | Construir | House |
| 18:12 | Construir | Outpost |
| 18:15 | Investigar | Town Watch |
| 18:16 | Crear | Villager (Male) |
| 18:26 | Crear | Villager (Male) |
| 18:35 | Construir | Mining Camp |
| 18:54 | Investigar | Bodkin Arrow |
| 19:16 | Construir | Building 796 |
| 19:22 | Crear | Villager (Male) |
| 19:23 | Crear | Villager (Male) |
| 19:47 | Crear | Ballista Elephant |
| 20:41 | Crear | Villager (Male) |
| 20:41 | Crear | Villager (Male) |
| 20:52 | Construir | Building 487 |
| 21:11 | Construir | University |
| 21:12 | Crear | Villager (Male) |
| 21:12 | Crear | Villager (Male) |
| 21:13 | Investigar | Wheelbarrow |
| 21:32 | Construir | House |
| 21:34 | Construir | House |
| 22:18 | Construir | Siege Workshop |
| 22:35 | Investigar | Ballistics |
| 22:41 | Construir | House |
| 22:58 | Investigar | Hand Cart |
| 22:59 | Crear | Villager (Male) |
| 22:59 | Crear | Villager (Male) |
| 23:11 | Crear | Scorpion |
| 23:11 | Crear | Scorpion |
| 23:13 | Construir | Siege Workshop |
| 23:23 | Crear | Villager (Male) |
| 23:23 | Crear | Villager (Male) |
| 23:28 | Crear | Villager (Male) |
| 23:39 | Crear | Scorpion |
| 23:46 | Investigar | Pikeman (upgrade) |
| 24:12 | Construir | House |
| 24:32 | Crear | Villager (Male) |
| 24:32 | Crear | Villager (Male) |
| 24:37 | Construir | House |
| 24:38 | Construir | House |
| 24:42 | Construir | House |
| 24:43 | Construir | House |
| 25:10 | Construir | House |
| 25:12 | Crear | Scorpion |
| 25:12 | Crear | Scorpion |
| 25:14 | Crear | Scorpion |
| 25:15 | Crear | Scorpion |
| 25:21 | Crear | Villager (Male) |
| 25:21 | Crear | Villager (Male) |
| 25:31 | Construir | Farm |
| 25:33 | Construir | Farm |
| 25:36 | Construir | Farm |
| 25:41 | Construir | Farm |
| 25:50 | Construir | House |
| 25:57 | Crear | Villager (Male) |
| 25:57 | Crear | Villager (Male) |
| 26:10 | Crear | Villager (Male) |
| 26:11 | Crear | Villager (Male) |
| 26:11 | Crear | Villager (Male) |
| 26:12 | Crear | Villager (Male) |
| 26:21 | Construir | Farm |
| 26:22 | Construir | Farm |
| 26:31 | Construir | Outpost |
| 26:39 | Crear | Scorpion |
| 26:40 | Crear | Scorpion |
Cronología de la partida
| 6:07 | Devoured · first_building Barracks |
| 7:26 | Kesline · age_up feudal |
| 7:40 | Unit001 · age_up feudal |
| 8:00 | Devoured · age_up feudal |
| 9:13 | Kalushini Bombini · age_up feudal |
| 10:06 | Kalushini Bombini · first_building Archery Range |
| 10:45 | Kesline · wall_segment Palisade Wall x7 |
| 10:49 | Devoured · wall_segment Palisade Wall x1 |
| 11:51 | Kesline · age_up castle |
| 11:55 | Kalushini Bombini · age_up castle |
| 12:03 | Unit001 · age_up castle |
| 12:48 | Kesline · wall_segment Palisade Wall x7 |
| 13:21 | Devoured · age_up castle |
| 13:22 | Devoured · first_building Siege Workshop |
| 18:45 | Kesline · first_building Stable |
| 19:31 | Unit001 · first_building Monastery |
| 19:48 | Unit001 · first_market_sell 100 wood |
| 20:46 | Unit001 · first_building Siege Workshop |
| 21:08 | Unit001 · first_building Barracks |
| 21:21 | Kesline · wall_segment Palisade Wall x1 |
| 21:21 | Kesline · wall_segment Palisade Wall x1 |
| 21:28 | Unit001 · first_building Stable |
| 22:18 | Kalushini Bombini · first_building Siege Workshop |
| 22:23 | Kesline · first_market_buy 500 food |
| 23:06 | Kesline · first_building Siege Workshop |
| 23:14 | Devoured · wall_segment Stone Wall x15 |
| 23:23 | Unit001 · age_up imperial |
| 23:57 | Devoured · first_building Monastery |
| 25:37 | Kesline · first_building Castle |
| 26:00 | Devoured · wall_segment Stone Wall x15 |
| 26:32 | Devoured · first_building Stable |
| 26:51 | Devoured · wall_segment Stone Wall x5 |
| 27:11 | Kesline · age_up imperial |
| 27:35 | Devoured · wall_segment Stone Wall x2 |
| 27:41 | Kesline · first_market_sell 100 food |
| 27:45 | Kalushini Bombini · first_building Castle |
| 27:55 | Kalushini Bombini · first_market_sell 100 wood |
| 28:43 | Devoured · wall_segment Stone Wall x1 |
| 28:52 | Devoured · age_up imperial |
| 29:03 | Devoured · wall_segment Stone Wall x20 |
| 29:23 | Kesline · wall_segment Palisade Wall x1 |
| 29:23 | Kesline · wall_segment Palisade Wall x1 |
| 29:42 | Kalushini Bombini · first_building Barracks |
| 31:46 | Kalushini Bombini · first_building Monastery |
| 31:58 | Kalushini Bombini · age_up imperial |
| 32:03 | Devoured · wall_segment Stone Wall x13 |
| 33:18 | Devoured · first_building Castle |
| 34:05 | Devoured · wall_segment Stone Wall x8 |
| 38:40 | Unit001 · wall_segment Stone Wall x6 |
| 40:37 | Unit001 · first_building Castle |
| 43:43 | Kesline · resign |
[ ANÁLISIS IA · 1 CRÉDITO ]
¿Qué pasó realmente en esta partida?
Wolo.gg analiza cada decisión: build order, eco, micro, errores típicos por bracket. Análisis personalizado por WhatsApp o Discord en 30 segundos.
Guía civ
Españoles
Guía mapa
Fortress
Perfil
Devoured